 Seeded DCSS version 0.30-a0-263-ge22c4ad894 (webtiles) character file.

Game seed: 11836800648259413034 (custom seed)

9 hikkokomori the Gusty (level 2, 15/15 HPs)
             Began as a Tengu Air Elementalist on Oct 14, 2022.
             Got out of the dungeon alive.
             The game lasted 00:02:35 (183 turns).

hikkokomori the Gusty (Tengu Air Elementalist)       Turns: 183, Time: 00:02:35

Health: 15/15      AC:  4    Str:  8    XL:     2   Next: 16%
Magic:  6/6        EV: 12    Int: 15    God:
Gold:   985        SH:  0    Dex: 14    Spells: 4/5 levels left

rFire   . . .      SeeInvis .    e - staff of air
rCold   . . .      Faith    .    (no shield)
rNeg    . . .      Spirit   .    a - +0 robe
rPois   .          Reflect  .    (helmet restricted)
rElec   +          Harm     .    (no cloak)
rCorr   .          Rampage  .    d - +1 pair of gloves {Stlth+}
Will    .....                    (boots unavailable)
Stlth   +++.......               (no amulet)
HPRegen 0.22/turn                (no ring)
MPRegen 0.10/turn                (no ring)

@: no status effects
A: beak, talons 3
a: no special abilities


You escaped.
You visited 1 branch of the dungeon, and saw 1 of its levels.

You collected 985 gold pieces.

Inventory:

Armour
 a - a +0 robe (worn)
 c - a +0 cloak
 d - a +1 pair of gloves of stealth (worn)
Magical Staves
 e - a staff of air (weapon)
Potions
 b - a potion of magic


   Skills:
 - Level 2.3 Dodging
 - Level 2.1 Stealth
 - Level 2.0 Spellcasting
 + Level 2.0 Conjurations
 + Level 4.2 Air Magic


You had 4 spell levels left.
You knew the following spells:

 Your Spells              Type           Power      Damage    Failure   Level
a - Shock                 Conj/Air       64%        1d7       6%          1

Your spell library contained the following spells:

 Spells                   Type           Power      Damage    Failure   Level
 Static Discharge         Conj/Air       32%        2-4/arc   9%          2
 Swiftness                Air            21%        N/A       12%         3
 Airstrike                Air            10%        2d(2-18)  36%         4


Dungeon Overview and Level Annotations

Branches:
Dungeon (1/15)

Altars:


Innate Abilities, Weirdness & Mutations

You have a beak for a mouth.
You have claws for feet.


Message History

You kill the hobgoblin!
The rat bites you. x2; The rat bites you but does no damage.
The rat barely misses you.
You barely miss the rat. You claw the rat, but do no damage.
You peck the rat, but do no damage. The rat closely misses you.
The rat bites you but does no damage.
You hit the rat but do no damage.
The rat is electrocuted.
You kill the rat!
The rat bites you but does no damage.
You hit the rat. You claw the rat.
You kill the rat!
Your Conjurations skill increases to level 2!
No target in view!
No target in view!
No target in view!
No target in view!
No target in view!
No target in view!
No target in view!
No target in view!
No target in view!
No target in view!
No target in view!
No target in view!
No target in view!
No target in view!
No target in view!
No target in view!
No target in view!
HP restored.
An endoplasm comes into view.
There is an open door here.
You can't go down here!
Found 4 stones.
An endoplasm is nearby!
There is an open door here.
There is a staircase leading out of the dungeon here.
You can't go down here!
Are you sure you want to leave the Dungeon?
This will make you lose the game!
You have escaped!

.###......#########
.###......#...#...#
......###.#.......#
.###......#...#...#
.# #......##.###.##
. #......##.# #.#
##......##.###.##
.....#..##...#...#
###..##.##...#.@.#
#...#.##...#...#
##.....##.###.##
##.....##.# #.#
#......##.###.#
#....#.#...#...
#......'...#...
#..##..#...#...
..##..#...##########


There were no monsters in sight!

Vanquished Creatures
  A dart slug (D:1)
  2 hobgoblins (D:1)
  A quokka (D:1)
  A frilled lizard (D:1)
  A kobold (D:1)
  2 rats (D:1)
8 creatures vanquished.

Notes
Turn   | Place    | Note
-------+----------+-------------------------------------------
     0 | D:1      | hikkokomori the Tengu Air Elementalist began the quest for
                  | the Orb.
     0 | D:1      | Reached XP level 1. HP: 10/10 MP: 4/4
    64 | D:1      | Identified 3 scrolls of acquirement
    64 | D:1      | Acquired 978 gold pieces
    66 | D:1      | Acquired a staff of air
    69 | D:1      | Acquired a +1 pair of gloves of stealth
    92 | D:1      | Reached XP level 2. HP: 14/15 MP: 4/6
   183 | D:$      | Got out of the dungeon alive.

Illustrated notes

Levels and vault maps discovered:
D:1:      minmay_arrival_nine_rooms, layout_rooms,
          dreamdust_ecumenical_altar_hidden_monk_grotto

Skill      XL: |  1  2 |
---------------+-------+-----
Conjurations   | 2 |  2.0
Dodging        | |  2.3
Stealth        | |  2.1
Spellcasting   | |  2.0
Air Magic      | |  4.2

Action                   || total
-------------------------++-------
Melee: Unarmed           ||     6
       Kick              ||     8
       Staff             ||    11
       Peck              ||     4
 Cast: Shock             ||     6
  Use: Scroll            ||     3
       Potion            ||     1
Armor: Robe              ||     8
Dodge: Dodged            ||    18

Table legend: (Time is in decaauts)
 A = Elapsed time spent in this place.
 B = Non-inter-level travel time spent in this place.
 C = Inter-level travel time spent in this place.
 D = Time resting spent in this place.
 E = Time spent auto-exploring this place.
 F = Levels seen in this place.
 G = Mean time per level.
                   A        B        C        D        E       F      G
               +--------+--------+--------+--------+--------+-----+--------+
         Total |    184 |    155 |     29 |      0 |     16 |   1 |  184.0 |
       Dungeon |    184 |    155 |     29 |      0 |     16 |   1 |  184.0 |
               +--------+--------+--------+--------+--------+-----+--------+

Top non-repeatable levels by time:
     D:1: 184 daAuts
